 Dungeon Sprint DCSS version bcrawl-1.20 (webtiles) character file.

Game seed: 15685803097592823543

170 Freyura the Zephyrmancer (level 5, 0/31 HPs)
             Began as a Fairy Air Elementalist on Jan 19, 2020.
             Slain by an orc warrior
             ... wielding a cursed -1 war axe
              (14 damage)
             ... in the Dungeon (Sprint IX: "|||||||||||||||||||||||||||||").
             The game lasted 00:01:25 (106 turns).

Freyura the Zephyrmancer (Fairy Air Elementalist)    Turns: 106, Time: 00:01:25

Health: 0/31       AC:  4    Str:  6    XL:     5   Next: 50%
Magic:  10/16      EV: 18    Int: 20    God:
Gold:   0          SH:  4    Dex: 12    Spells: 16/17 levels left

rFire    . . .     SeeInvis .   (weapon restricted)
rCold    . . .     Gourm    .   (shield restricted)
rNeg     . . .     Faith    .   (armour unavailable)
rPois    .         Spirit   .   (no helmet)
rElec    .         Reflect  .   (no cloak)
rCorr    .         Harm     .   (no gloves)
MR       .....     NoTele   +   (no boots)
Stlth    +.........             (no amulet)
HPRegen  0.10/turn              (no ring)
MPRegen  0.15/turn              (no ring)

@: flying evasively
A: small, magic attunement, unstealthy, unfitting armour, able to fly, AC/SH +4
a: Stop Flying


You were in the Dungeon.
You were not hungry.

You visited 1 branch

Inventory:

Scrolls
 i - a scroll of blinking
Potions
 b - a potion of flight
 c - a potion of heal wounds
 d - a potion of curing
 f - a potion of haste
 g - 2 potions of magic
 h - a potion of berserk rage
Comestibles
 e - a ration {!d}


   Skills:
 + Level 4.7 Dodging
 + Level 2.4 Stealth
 * Level 6.5 Spellcasting
 * Level 4.4 Conjurations
 * Level 10.0 Air Magic


You had 16 spell levels left.
You knew the following spells:

 Your Spells              Type           Power        Failure   Level  Hunger
a - Shock                 Conj/Air       #####        1%          1    None

Your spell library contained the following spells:

 Spells                   Type           Power        Failure   Level  Hunger
 Swiftness                Chrm/Air       ####....     1%          2    None
 Static Discharge         Air            #####...     1%          3    None
 Airstrike                Air            #####.....   1%          4    None
 Lightning Bolt           Conj/Air       #####.....   14%         5    None


Dungeon Overview and Level Annotations

Branches:
Dungeon (1/1)

Altars:


Innate Abilities, Weirdness & Mutations

Your spells do not cause hunger and MP costs are reduced by 1.
Your bright wings attract enemies. (Stealth-)
You cannot fit into any form of body armour.
Your shimmering scales are hard and can block incoming attacks. (AC +4, SH +4)
You are small and have problems with some larger weapons.
You can fly continuously.


Message History

No previous command to re-do.
Casting: Shock (safe; 1% risk of failure)
Confirm with . or Enter, or press ? or * to list all spells.
Aiming: Shock (safe; 1% risk of failure)
Press: ? - help, Shift-Dir - straight line, f/p - orc warrior
Aim: an orc warrior, wielding a -1 war axe and wearing a +0 plate armour (severely wounded)
The zap misses the orc warrior.
The zap hits the leopard gecko skeleton.
The leopard gecko skeleton resists.
You destroy the leopard gecko skeleton!
The orc warrior closely misses you.
Casting: Shock (safe; 1% risk of failure)
Confirm with . or Enter, or press ? or * to list all spells.
Aiming: Shock (safe; 1% risk of failure)
Press: ? - help, Shift-Dir - straight line, f/p - orc warrior
Aim: an orc warrior, wielding a -1 war axe and wearing a +0 plate armour (severely wounded)
The zap hits the orc warrior.
The orc warrior is almost dead.
The orc warrior hits you with a cursed -1 war axe!
You die...

▓+▓
▓.▓
▓.▓
▓.▓
▓)▓
▓)▓
▓o▓
▓@▓
▓)▓
▓†▓
▓.▓
▓†▓
▓)▓
▓.▓
▓.▓
▓.▓


You could see an orc warrior.

Vanquished Creatures
  2 ogres (D)
  A leopard gecko (D)
  An orc (D)
  A giant cockroach (D)
  A hobgoblin (D)
  2 kobolds (D)
  A leopard gecko skeleton (D)
9 creatures vanquished.

Notes
Turn   | Place    | Note
-------+----------+-------------------------------------------
     0 | D        | Freyura the Fairy Air Elementalist began the quest for the
                  | Orb.
     0 | D        | Reached XP level 1. HP: 11/11 MP: 6/6
     4 | D        | Reached skill level 4 in Air Magic
     9 | D        | Reached skill level 5 in Air Magic
     9 | D        | Reached XP level 2. HP: 12/17 MP: 8/8
    95 | D        | Noticed an ogre
    95 | D        | Noticed an ogre
    95 | D        | Noticed an orc warrior
   102 | D        | Killed an ogre
   102 | D        | Reached skill level 5 in Spellcasting
   102 | D        | Reached skill level 8 in Air Magic
   102 | D        | Reached XP level 3. HP: 9/21 MP: 8/11
   102 | D        | Reached XP level 4. HP: 11/27 MP: 9/13
   104 | D        | Killed an ogre
   104 | D        | Reached skill level 10 in Air Magic
   104 | D        | Reached XP level 5. HP: 13/31 MP: 10/16
   106 | D        | Slain by an orc warrior

Skill      XL: |  1  2  3  4 |
---------------+-------------+-----
Air Magic      | 5 8 10 | 10.0
Spellcasting   | 3 5 6 |  6.5
Dodging        | 3 4 |  4.7
Conjurations   | 2 3 4 |  4.4
Stealth        | 2 |  2.4

Action                   |  1- 3 |  4- 6 || total
-------------------------+-------+-------++-------
Melee: Unarmed           |     4 |       ||     4
 Cast: Shock             |     8 |     5 ||    13
Armor: Skin              |     1 |       ||     1
Dodge: Dodged            |     4 |     2 ||     6
Block: Other             |     1 |     1 ||     2
